AoeStats
← Negev King

Arabia

508504696Analyzed
1v1 RM · 9d ago on Sep 22, 2026· 64m 43s· 2 players
Game mode
Random Map
Map size
Tiny (2 player)
Population
200
Speed
Normal
Resources
Standard
Victory
Conquest
Starting age
Dark Age
Ending age
Imperial Age
RankedLock teamsTeams togetherTeam positionsShared explorationLock speedFull tech treeHidden civsTurbo modeCheats
Victory
Defeat
🇦🇷 Italians · Argentina
1112
+15
🇦🇺 Bengalis · Australia
1101
-15
Negev King
10:22 Feudal Age
10:57 Double-Bit Axe
10:43 Man-at-Arms
13:43 Arson
13:48 Loom
17:55 Fletching
18:06 Padded Archer Armor
27:00 Castle Age
25:46 Town Watch
26:15 Gold Mining
27:41 Bodkin Arrow
28:01 Leather Archer Armor
28:09 Bloodlines
33:44 Husbandry
34:52 Wheelbarrow
35:54 Ballistics
37:32 Masonry
38:07 Leather Archer Armor
39:48 Horse Collar
46:48 Imperial Age
48:55 Conscription
49:13 Scale Barding Armor
49:19 Forging
51:50 Chemistry
52:31 Chain Barding Armor
61:38 Light Cavalry
Bruber
8:40 Loom
11:58 Feudal Age
16:26 Fletching
18:16 Gold Mining
19:54 Padded Archer Armor
21:19 Double-Bit Axe
22:28 Horse Collar
26:16 Castle Age
26:28 Crossbowman
27:15 Bodkin Arrow
27:52 Bow Saw
28:28 Leather Archer Armor
28:58 Ballistics
32:25 Imperial Age
35:21 Wheelbarrow
35:07 Elite Skirmisher
36:37 Bracer
38:21 Ring Archer Armor
40:45 Two-Man Saw
43:05 Chemistry
42:44 Redemption
48:26 Block Printing
50:02 Heavy Plow
51:12 Masonry
54:02 Hand Cart
61:38 Murder Holes
62:13 Architecture
64:45 Silk Road
Connection lost

Rejoining the realm…

Still unreachable

The connection could not be restored.

Session expired

The server has moved on; the page needs a fresh start.